 Dungeon Crawl Stone Soup version 0.30-a0-368-g86fb4627a9 (webtiles) character file.

Game seed: 9367495142549459955

54 oldriver the Magician (level 3, -2/27 HPs)
             Began as a Mummy Necromancer on Nov 19, 2022.
             Slain by Terence
             ... wielding a +0 flail
              (12 damage)
             ... on level 2 of the Dungeon.
             The game lasted 00:01:18 (1295 turns).

oldriver the Magician (Mummy Necromancer)           Turns: 1295, Time: 00:01:19

Health: -2/27      AC:  2    Str: 11    XL:     3   Next: 66%
Magic:  4/8        EV: 12    Int: 16    God:
Gold:   13         SH:  0    Dex: 12    Spells: 9/10 levels left

rFire   x . .      SeeInvis .    b - +1 short sword (protect)
rCold   + . .      Faith    +    (no shield)
rNeg    + + +      Spirit   .    a - +0 robe
rPois   ∞          Reflect  .    (no helmet)
rElec   .          Harm     .    (no cloak)
rCorr   .          Rampage  .    (no gloves)
Will    .....                    (no boots)
Stlth   ++........               (no amulet)
HPRegen 0.24/turn                (no ring)
MPRegen 0.11/turn                (no ring)

@: no status effects
A: cold resistance 1, negative energy resistance 3, torment resistance 2, heat
vulnerability 1, in touch with death 1, no potions, faith
a: no special abilities


You were on level 2 of the Dungeon.
You visited 1 branch of the dungeon, and saw 2 of its levels.

You collected 13 gold pieces.

Inventory:

Hand Weapons
 b - a +1 short sword of protection (weapon)
Armour
 a - a +0 robe (worn)
Scrolls
 c - a scroll of noise {unknown}
 d - a scroll of enchant weapon {unknown}
 e - a scroll of magic mapping {unknown}
 f - a scroll of enchant armour {unknown}


   Skills:
 + Level 2.2 Fighting
 - Level 1.5 Dodging
 - Level 1.5 Stealth
 + Level 4.1 Spellcasting
 - Level 4.0 Necromancy


You had 9 spell levels left.
You knew the following spells:

 Your Spells              Type           Power      Damage    Failure   Level
a - Necrotise             Necr           96%        1d8       3%          1

Your spell library contained the following spells:

 Spells                   Type           Power      Damage    Failure   Level
 Vampiric Draining        Necr           24%        2d7       10%         3
 Blink                    Tloc           6%         N/A       26%         2
 Momentum Strike          Conj/Tloc      6%         3d8       26%         2
 Animate Dead             Necr           24%        N/A       32%         4
 Lesser Beckoning         Tloc           6%         N/A       45%         3
 Agony                    Necr           24%        N/A       65%         5


Dungeon Overview and Level Annotations

Branches:
Dungeon (2/15)

Altars:

Annotations:
D:2 Terence


Innate Abilities, Weirdness & Mutations

You are immune to poison.
Your flesh is cold resistant. (rC+)
You are immune to negative energy. (rN+++)
You are immune to unholy pain and torment.
You are vulnerable to heat. (rF-)
You are in touch with the powers of death.
You do not drink.
You have a special connection with the divine. (Faith)


Message History

You can't see any susceptible monsters within range! (Use Z to cast anyway.)
Your rat skeleton crumbles into dust!
A ball python comes into view.
Found 6 poisoned darts.
A ball python is nearby!
A ball python is nearby!
You can't see any susceptible monsters within range! (Use Z to cast anyway.)
You feel a surge of power!
The ball python hisses angrily.
The ball python writhes in agony!
You kill the ball python!
The dead are slithering!
You can't see any susceptible monsters within range! (Use Z to cast anyway.)
You can't see any susceptible monsters within range! (Use Z to cast anyway.)
You can't see any susceptible monsters within range! (Use Z to cast anyway.)
Your bat skeleton crumbles into dust!
Found a stone staircase leading down.
A rat comes into view.
There is a stone staircase leading down here.
A rat is nearby!
A rat is nearby!
Terence and an endoplasm come into view.
Terence shouts!
The endoplasm quivers.
You feel a surge of power!
The rat writhes in agony.
You kill the rat!
The dead are walking!
You feel a surge of power!
Terence barely resists.
You feel a surge of power!
Terence writhes in agony.
Your rat skeleton bites Terence but does no damage.
Terence asks, "Do you want it fast or slow?"
Terence hits you with a +0 flail!
You feel a surge of power!
Terence writhes in agony.
Your rat skeleton bites Terence but does no damage.
Terence hits you with a +0 flail!
Casting: Necrotise (safe; 3% risk of failure)
Confirm with . or Enter, or press ? or * to list all spells.
You don't know that spell.
Terence attacks as you move away! Terence hits you with a +0 flail!
You die...

####### .......
.#.#.#. .....J.###
.#.#.#Z@Z# ......@#.#
######..#.#.#.#.#
..............#.#####
.....(..##.####.....#
........... ##.###.#
........## ###..#
........# #...##
........####.##.....#


You could see Terence (ally target), an endoplasm, a friendly ball python
skeleton and a friendly rat skeleton.

Vanquished Creatures
  An adder (D:2)
  3 dart slugs (D:1)
  3 endoplasms (D:1)
  3 goblins (D:1)
  7 hobgoblins
  2 quokkas (D:1)
  3 ball pythons
  3 bats
  A frilled lizard (D:1)
  6 kobolds (D:1)
  5 rats
37 creatures vanquished.

Vanquished Creatures (collateral kills)
  A ball python (D:1)
1 creature vanquished.

Grand Total: 38 creatures vanquished

Notes
Turn   | Place    | Note
-------+----------+-------------------------------------------
     0 | D:1      | oldriver the Mummy Necromancer began the quest for the Orb.
     0 | D:1      | Reached XP level 1. HP: 13/13 MP: 4/4
   107 | D:1      | Reached skill level 1 in Fighting
   107 | D:1      | Reached XP level 2. HP: 17/21 MP: 3/6
   439 | D:1      | Gained mutation: You are in touch with the powers of death.
                  | [Mummy growth]
   439 | D:1      | Reached XP level 3. HP: 27/27 MP: 2/8
  1290 | D:2      | Noticed Terence
  1295 | D:2      | Slain by Terence

Illustrated notes

Levels and vault maps discovered:
D:1:      roderic_dead_forest, layout_basic, st_stairs_7, grunt_decor_junction
D:2:      layout_basic, serial_glass, glass_columns_b, glass_columns_a,
          kennysheep_generic_room_13, uniq_terence

Skill      XL: |  1  2  3 |
---------------+----------+-----
Spellcasting   | 3 4 |  4.1
Fighting       | 1 2 |  2.2
Dodging        | |  1.5
Stealth        | |  1.5
Necromancy     | |  4.0

Action                   || total
-------------------------++-------
Melee: Unarmed           ||     8
       Short sword       ||    15
       Punch             ||     1
 Cast: Necrotise         ||    58
Armor: Robe              ||    13
Dodge: Dodged            ||    24

Table legend: (Time is in decaauts)
 A = Elapsed time spent in this place.
 B = Non-inter-level travel time spent in this place.
 C = Inter-level travel time spent in this place.
 D = Time resting spent in this place.
 E = Time spent auto-exploring this place.
 F = Levels seen in this place.
 G = Mean time per level.
                   A        B        C        D        E       F      G
               +--------+--------+--------+--------+--------+-----+--------+
         Total |   1294 |   1275 |     19 |      0 |   1078 |   2 |  647.0 |
       Dungeon |   1294 |   1275 |     19 |      0 |   1078 |   2 |  647.0 |
               +--------+--------+--------+--------+--------+-----+--------+

Top non-repeatable levels by time:
     D:1: 1050 daAuts
     D:2: 243 daAuts
